 Dungeon Crawl Stone Soup version 0.27-a0-40-g5f2be0e231 (webtiles) character file.

Game seed: 2288226639343601442

116 Borgoz the Covered (level 5, 0/36 HPs)
             Began as a Halfling Fighter on Jan 6, 2021.
             Slain by an ooze (2 damage)
             ... on level 2 of the Dungeon.
             The game lasted 00:01:18 (1658 turns).

Borgoz the Covered (Halfling Fighter)               Turns: 1658, Time: 00:01:19

Health: 0/36       AC: -4    Str: 17    XL:     5   Next: 21%
Magic:  5/5        EV:  8    Int:  6    God:
Gold:   69         SH:  9    Dex: 15    Spells: 4/4 levels left

rFire    . . .     SeeInvis .   a - +0 long sword
rCold    . . .     Faith    .   c - +0 kite shield
rNeg     . . .     Spirit   .   b - +0 scale mail
rPois    .         Reflect  .   (no helmet)
rElec    .         Harm     .   (no cloak)
rCorr    .         Rampage  .   (no gloves)
Will     .....                  (no boots)
Stlth    ..........             (no amulet)
HPRegen  0.12/turn              (no ring)
MPRegen  0.09/turn              (no ring)

@: mighty, corroded
A: small, mutation resistance 1
a: no special abilities


You were on level 2 of the Dungeon.
You visited 1 branch of the dungeon, and saw 2 of its levels.

You collected 69 gold pieces.

Inventory:

Hand Weapons
 a - a +0 long sword (weapon)
Armour
 b - a +0 scale mail (worn)
 c - a +0 kite shield (worn)
Scrolls
 e - 3 scrolls of identify {unknown}
 f - a scroll of noise {unknown}
 g - a scroll of amnesia {unknown}
 i - a scroll of remove curse {unknown}
Potions
 h - a potion of heal wounds {unknown}
 j - a potion of curing {unknown}


   Skills:
 * Level 3.6 Fighting
 * Level 3.2 Long Blades
 * Level 4.4 Armour
 - Level 3.2 Shields


You had 4 spell levels left.
You didn't know any spells.
Your spell library was empty.

Dungeon Overview and Level Annotations

Branches:
Dungeon (2/15)

Altars:


Innate Abilities, Weirdness & Mutations

You are small and have problems with some larger weapons.
You are somewhat resistant to further mutation.


Message History

You are too injured to fight recklessly!
You are too injured to fight recklessly!
You are too injured to fight recklessly!
You hit the jelly. The acid corrodes you!
Your hands burn!
The jelly is almost dead.
The jelly hits you.
* * * LOW HITPOINT WARNING * * *
You are splashed with acid.
* * * LOW HITPOINT WARNING * * *
You feel very mighty all of a sudden. The jelly barely misses you.
You riposte.
You slash the jelly!
You kill the jelly!
You have reached level 5!
You feel agile.
You slash the ooze!
The ooze is almost dead.
The ooze hits you.
* * * LOW HITPOINT WARNING * * *
The ooze hits you.
You die...

#######
##########..÷...#
#####......##J..÷...#
#.##.......#@#....÷.#
##.'........#.#PJP.P.#
#())..(.....#.#JJ..÷.#
#..'......#'#†#P.P.P.#
#.)##.....#.#.#J.....#
#÷####....#.#.#P.P.PP#
#).#########.##.....?#
#...###### ###
#......>.# ######


You could see an ooze.

Vanquished Creatures
  A jelly (D:2)
  A gnoll (D:1)
  6 oozes (D:2)
  A dart slug (D:1)
  A ball python (D:1)
  A giant cockroach (D:1)
  5 goblins (D:1)
  2 hobgoblins (D:1)
  7 jackals (D:1)
  4 bats (D:1)
  A frilled lizard (D:1)
  13 kobolds
  3 rats (D:1)
46 creatures vanquished.

Vanquished Creatures (others)
  4 fungi (D:2)
  6 toadstools (D:2)
10 creatures vanquished.

Grand Total: 56 creatures vanquished

Notes
Turn   | Place    | Note
-------+----------+-------------------------------------------
     0 | D:1      | Borgoz the Halfling Fighter began the quest for the Orb.
     0 | D:1      | Reached XP level 1. HP: 15/15 MP: 1/1
   266 | D:1      | Reached XP level 2. HP: 19/20 MP: 2/2
   723 | D:1      | Reached XP level 3. HP: 16/26 MP: 3/3
  1361 | D:2      | Reached XP level 4. HP: 10/31 MP: 4/4
  1363 | D:2      | Reached skill level 4 in Armour
  1657 | D:2      | Reached XP level 5. HP: 3/36 MP: 5/5
  1658 | D:2      | Slain by an ooze

Illustrated notes

Levels and vault maps discovered:
D:1:      nzn_arrival_crosshair, layout_loops_corners, minmay_misc_feat_chi,
          hangedman_decor_diamond_cutter
D:2:      cheibrodos_fertilizer, layout_rooms,
          pdpol_temple_overflow_zin_treasury_gozag_greed, minivault_25

Skill      XL: |  1  2  3  4 |
---------------+-------------+-----
Fighting       | 3 |  3.6
Armour         | 4 |  4.4
Long Blades    | 3 |  3.2
Shields        | |  3.2

Action                   |  1- 3 |  4- 6 || total
-------------------------+-------+-------++-------
Melee: Long sword        |   104 |    36 ||   140
  Use: Potion            |       |     1 ||     1
Armor: Scale mail        |    61 |    15 ||    76
Dodge: Dodged            |    43 |    10 ||    53
Block: Kite shield       |    66 |    13 ||    79
       Rpst.: Long sword |    14 |     4 ||    18

Table legend: (Time is in decaauts)
 A = Elapsed time spent in this place.
 B = Non-inter-level travel time spent in this place.
 C = Inter-level travel time spent in this place.
 D = Time resting spent in this place.
 E = Time spent auto-exploring this place.
 F = Levels seen in this place.
 G = Mean time per level.
                   A        B        C        D        E       F      G
               +--------+--------+--------+--------+--------+-----+--------+
         Total |   1708 |   1669 |     39 |    611 |    774 |   2 |  854.0 |
       Dungeon |   1708 |   1669 |     39 |    611 |    774 |   2 |  854.0 |
               +--------+--------+--------+--------+--------+-----+--------+

Top non-repeatable levels by time:
     D:1: 1355 daAuts
     D:2: 353 daAuts
